 Dungeon Crawl Stone Soup version 0.31-a0-180-g519b7de00c (webtiles) character file.

Game seed: 2704615258579370381

15150 rddays123 the Severer (level 11, -3/99 HPs)
             Began as a Minotaur Fighter on June 20, 2023.
             Was a Priest of Hepliaklqana.
             Slain by a titanic slime creature (87 damage)
             ... on level 12 of the Dungeon.
             The game lasted 00:36:37 (11839 turns).

rddays123 the Severer (Minotaur Fighter)           Turns: 11839, Time: 00:36:38

Health: -3/99      AC: 22    Str: 25    XL:     11   Next: 98%
Magic:  3/3        EV:  6    Int:  5    God:    Hepliaklqana [***...]
Gold:   1123       SH: 12    Dex: 16    Spells: 10/10 levels left

rFire   . . .        u - +2 broad axe (antimagic)
rCold   . . .        q - +0 kite shield
rNeg    . . .        i - +0 plate armour
rPois   .            (helmet restricted)
rElec   .            F - +1 cloak
rCorr   .            r - +1 pair of gloves
SInv    .            t - +2 pair of boots
Will    .....        (no amulet) Stlth
                     E - +6 ring of dexterity
HPRegen 0.36/turn    (no ring)
MPRegen 0.08/turn

%: no passive effects
@: no status effects
A: reduced essence, horns 2, retaliatory headbutt
a: Renounce Religion, Recall Ancestor, Ancestor Identity, Transference


You were on level 12 of the Dungeon.
You worshipped Hepliaklqana.
Hepliaklqana was most pleased with you.
You visited 2 branches of the dungeon, and saw 13 of its levels.
You also visited: Ossuary.

You collected 1123 gold pieces.

Inventory:

Hand Weapons
 a - a +0 war axe
 u - a +2 antimagic broad axe (weapon)
 G - a +2 morningstar
Missiles
 y - 3 throwing nets
Armour
 i - a +0 plate armour (worn)
 q - a +0 kite shield (worn)
 r - a +1 pair of gloves (worn)
 t - a +2 pair of boots (worn)
 F - a +1 cloak (worn)
Jewellery
 z - a ring of ice
 E - a +6 ring of dexterity (left hand)
Wands
 o - a wand of mindburst (1)
 H - a wand of flame (32)
Scrolls
 e - 6 scrolls of vulnerability
 g - 4 scrolls of fog
 k - 2 scrolls of amnesia {unknown}
 p - a scroll of fear
 s - a scroll of noise
 v - 2 scrolls of torment {unknown}
 w - a scroll of identify
 x - a scroll of poison {unknown}
 B - a scroll of enchant armour {unknown}
 D - a scroll of immolation
 I - 2 scrolls of teleportation
Potions
 b - a potion of cancellation
 c - 2 potions of enlightenment
 d - 2 potions of attraction
 f - a potion of invisibility
 h - 3 potions of haste
 j - 2 potions of mutation
 l - 2 potions of brilliance
 m - 3 potions of curing
 n - a potion of berserk rage
 A - a potion of magic {unknown}
 C - a potion of ambrosia {unknown}
 J - 2 potions of lignification {unknown}


   Skills:
 + Level 14.2 Fighting
 + Level 16.8 Axes
 + Level 9.9 Armour
 + Level 9.9 Shields


You had 10 spell levels left.
You didn't know any spells.
Your spell library contained the following spells:

 Spells                   Type           Power      Damage    Failure   Level
 Foxfire                  Conj/Fire      0%         2x1d4     100%        1
 Gell's Gravitas          Tloc           0%         N/A       100%        3
 Inner Flame              Hex/Fire       0%         N/A       100%        3
 Teleport Other           Tloc           0%         N/A       100%        3
 Flame Wave               Conj/Fire      0%         2d4       100%        4
 Sticky Flame             Conj/Fire      0%         2d3       100%        4
 Fireball                 Conj/Fire      0%         3d3       100%        5
 Dispersal                Tloc           0%         N/A       100%        6
 Plasma Beam              Fire/Air       0%         2x1d10    100%        6
 Starburst                Conj/Fire      0%         6d3       100%        6


Dungeon Overview and Level Annotations

Branches:
Dungeon (12/15)            Temple (1/1) D:6             Orc (0/2) D:12
Ossuary (visited)
   Lair: D:8-11

Altars:
Ashenzari
Cheibriados
Dithmenos
Elyvilon
Fedhas
Gozag
Hepliaklqana
Kikubaaqudgha
Makhleb
Nemelex Xobeh
Okawaru
Qazlal
Ru
Sif Muna
Trog
Uskayaw
Vehumet
Wu Jian
Xom
Yredelemnul
Zin
The Shining One
Jiyva

Shops:
D:8 =   D:9 :

Annotations:
D:1 2 runed translucent doors
D:8 Gastronok, Psyche
D:9 1 runed translucent door, Jackthecabe's ghost, journeyman KoAr
D:10 2 transporters, DApurpleWHUMPUS's ghost, journeyman MiFi


Innate Abilities, Weirdness & Mutations

Your life essence is reduced to manifest your ancestor. (-10% HP)
You have a pair of horns on your head.
You reflexively headbutt those who attack you in melee.


Message History

A troll comes into view.
A slime creature comes into view.
You slice the large slime creature!!
The large slime creature is severely wounded.
Two slime creatures merge to form a very large slime creature.
A slime creature comes into view.
You completely miss the very large slime creature.
The slime creature quivers.
You headbutt the very large slime creature!
The very large slime creature is heavily wounded.
A slime creature comes into view.
Tlaloc gestures at the very large slime creature while chanting.
The stone arrow hits the very large slime creature!
You strike the helpless very large slime creature from behind!
You slash the very large slime creature!
You headbutt the very large slime creature.
The very large slime creature is severely wounded.
You slice the very large slime creature!!
You headbutt the very large slime creature!
The very large slime creature is almost dead.
Two slime creatures merge to form an enormous slime creature.
You slash the enormous slime creature!
The enormous slime creature is severely wounded.
Two slime creatures merge to form a titanic slime creature.
You slash the titanic slime creature!
You headbutt the titanic slime creature.
The titanic slime creature is severely wounded.
Tlaloc points at the titanic slime creature and mumbles some strange words.
The stone arrow hits the titanic slime creature!!
The titanic slime creature hits you but does no damage.
You slice the titanic slime creature!!
Your headbutt misses the titanic slime creature.
The titanic slime creature is almost dead.
You block the titanic slime creature's attack.
Tlaloc casts a spell at the titanic slime creature.
The stone arrow hits the titanic slime creature!
You slash the titanic slime creature!
The titanic slime creature is almost dead.
The titanic slime creature hits you!!!!
Ouch! That really hurt!
You die...

#.##.#.#
#...........#...........
#.##.#.#
#######...#######.######
#.##(#.#
#........)........
#.##(#.#
#...#######.#####.
#.##.#.# #...# #...
#.##.#.# #.)## #####
#.##.#.#########..#
#.##.#.........)R.#
#.##.###########@## ..#
#J# ### .......T.....J.
## #######.......c .#
######### ##


You could see the friendly Tlaloc the battlemage, a titanic slime creature (ally
target) and a troll.

Vanquished Creatures
  Nessos (D:12)
  Fannar (D:12)
  Erolcha (D:10)
  A boulder beetle (D:9)
  Pikel (D:6)
  A deep elf pyromancer (D:12)
  2 ugly things (D:12)
  A cyclops (D:12)
  A manticore (D:12)
  Maurice (D:9)
  4 trolls
  A shadow (D:11)
  A wyvern (D:8)
  8 yaks
  2 vampires (D:10)
  4 wraiths
  A steam dragon (D:10)
  5 vampire mosquitoes
  Edmund (D:6)
  2 acid dragons
  3 water moccasins
  4 ice beasts
  5 orc warriors
  9 centaurs
  3 ogres
  2 lemures (D:6)
  3 phantoms
  4 elf skeletons (D:4)
  A scorpion (D:5)
  A gnoll sergeant (D:7)
  13 wights
  A howler monkey (D:9)
  5 hounds
  2 jellies (D:5)
  4 orc priests
  A human zombie (D:4)
  A gnoll bouda (D:6)
  2 human skeletons (D:4)
  Natasha (thrice) (D:2)
  5 iguanas
  7 orc wizards
  2 mummies (Ossuary)
  Robin (D:2)
  20 gnolls
  11 adders
  2 white imps (D:7)
  2 ufetubi (D:6)
  2 worms
  4 dart slugs
  40 orcs
  3 bats
  8 endoplasms
  4 giant cockroaches
  3 gnoll zombies (Ossuary)
  13 goblins
  10 hobgoblins
  2 jackals (D:1)
  3 quokkas
  10 ball pythons
  5 frilled lizards
  2 goblin zombies (Ossuary)
  3 hobgoblin zombies (Ossuary)
  7 kobolds
  3 orc skeletons (D:4)
  7 orc zombies
  3 rats
289 creatures vanquished.

Vanquished Creatures (collateral kills)
  A troll (D:11)
  A wraith (D:11)
  A vampire mosquito (D:12)
  An acid dragon (D:10)
  An orc warrior (D:12)
  2 centaurs (D:11)
  A kobold brigand (D:9)
  An orc wizard (D:10)
  7 orcs
  4 kobolds (D:9)
20 creatures vanquished.

Vanquished Creatures (others)
  A black bear (D:5)
  4 ancestors
  A battlemage (D:12)
  An adder (D:5)
7 creatures vanquished.

Grand Total: 316 creatures vanquished

Notes
Turn   | Place    | Note
-------+----------+-------------------------------------------
     0 | D:1      | rddays123 the Minotaur Fighter began the quest for the Orb.
     0 | D:1      | Reached XP level 1. HP: 19/19 MP: 0/0
    43 | D:1      | Found a large runed translucent door.
    43 | D:1      | Found a large runed translucent door.
    44 | D:1      | Noticed a jelly
    45 | D:1      | Found a viscous altar of Jiyva.
    45 | D:1      | Noticed a jelly
    45 | D:1      | Noticed a jelly
    48 | D:1      | Noticed a jelly
    49 | D:1      | Noticed a jelly
    55 | D:1      | Noticed a jelly
   103 | D:1      | Reached XP level 2. HP: 23/27 MP: 1/1
   308 | D:1      | Reached skill level 3 in Axes
   430 | D:1      | Reached XP level 3. HP: 33/33 MP: 2/2
   981 | D:2      | Noticed Natasha
   986 | D:2      | Killed Natasha
  1107 | D:2      | Noticed Natasha
  1111 | D:2      | Reached XP level 4. HP: 27/40 MP: 3/3
  1112 | D:2      | Killed Natasha
  1232 | D:2      | Noticed Robin
  1244 | D:2      | Killed Robin
  1617 | D:2      | Noticed Natasha
  1624 | D:2      | Killed Natasha
  1625 | D:2      | Reached XP level 5. HP: 36/47 MP: 4/4
  1719 | D:2      | Identified the +2 leather armour "Fommy" {Drain rF+ Str-3
                  | Slay+6}
  2093 | D:3      | Reached skill level 4 in Axes
  2107 | D:3      | Reached skill level 5 in Shields
  2293 | D:3      | Noticed a water moccasin
  2306 | D:3      | Killed a water moccasin
  2307 | D:3      | Reached skill level 5 in Fighting
  2307 | D:3      | Reached skill level 5 in Armour
  2307 | D:3      | Reached XP level 6. HP: 31/56 MP: 5/5
  2811 | D:3      | Identified the +0 leather armour of Noughts and Crosses
                  | {rPois}
  3040 | D:4      | Reached skill level 5 in Axes
  3040 | D:4      | Reached XP level 7. HP: 54/62 MP: 6/6
  3093 | D:4      | Found a sand-covered staircase.
  3106 | Ossuary  | Entered an ossuary
  3644 | D:4      | Identified the +1 spear "Death Rattle" {flame, Str+2}
  4089 | D:5      | Entered Level 5 of the Dungeon
  4115 | D:5      | Reached skill level 6 in Axes
  4115 | D:5      | Reached XP level 8. HP: 14/71 MP: 7/7
  4591 | D:5      | Found a sacrificial altar of Ru.
  4704 | D:5      | Found a shimmering altar of Xom.
  4810 | D:5      | Found an opulent altar of Gozag.
  4960 | D:6      | Reached skill level 7 in Axes
  5295 | D:6      | Found a hide-covered altar of Uskayaw.
  5408 | D:6      | Reached XP level 9. HP: 79/81 MP: 8/8
  5442 | D:6      | Noticed Edmund
  5442 | D:6      | Noticed Pikel
  5547 | D:4      | Identified 2 scrolls of acquirement
  5547 | D:4      | Acquired a manual of Axes
  5554 | D:4      | Acquired a +2 antimagic broad axe
  5655 | D:6      | Killed Pikel
  5656 | D:6      | Reached skill level 9 in Axes
  5659 | D:6      | Killed Edmund
  5890 | D:6      | Reached skill level 10 in Axes
  6055 | D:6      | Found a staircase to the Ecumenical Temple.
  6074 | Temple   | Entered the Ecumenical Temple
  6379 | Temple   | Became a worshipper of Hepliaklqana the Forgotten
  6616 | D:7      | Reached skill level 10 in Fighting
  6616 | D:7      | Reached skill level 11 in Axes
  6668 | D:7      | Reached skill level 12 in Axes
  7052 | D:7      | Found an ancient bone altar of Kikubaaqudgha.
  7249 | D:7      | Reached XP level 10. HP: 94/94 MP: 3/9
  7291 | D:8      | Reached * piety under Hepliaklqana
  7292 | D:8      | Found Xeommu's Jewellery Boutique.
  7303 | D:8      | Noticed Psyche
  7323 | D:8      | Noticed Gastronok
  7666 | D:9      | Found a runed translucent door.
  7668 | D:9      | Noticed Jackthecabe's ghost (journeyman KoAr)
  7670 | D:9      | Noticed a centaur warrior
  7689 | D:9      | Found Untishob's Book Boutique.
  7702 | D:9      | Noticed a boulder beetle
  7731 | D:9      | Reached skill level 13 in Axes
  7742 | D:9      | Killed a boulder beetle
  7955 | D:9      | Reached skill level 14 in Axes
  8062 | D:9      | Noticed Maurice
  8128 | D:9      | Killed Maurice
  8129 | D:9      | Reached skill level 15 in Axes
  8857 | D:10     | Entered Level 10 of the Dungeon
  9100 | D:10     | Reached XP level 11. HP: 74/96 MP: 3/10
  9230 | D:10     | Reached ** piety under Hepliaklqana
  9231 | D:10     | Remembered your ancestor Tlaloc as a battlemage
  9342 | D:10     | Reached skill level 16 in Axes
  9394 | D:10     | Noticed Erolcha
  9409 | D:10     | Killed Erolcha
  9647 | D:10     | Found a transporter.
  9652 | D:10     | Noticed DApurpleWHUMPUS's ghost (journeyman MiFi)
  9654 | D:10     | Noticed a catoblepas
  9658 | D:10     | Noticed a six-headed hydra
  9712 | D:10     | Found a transporter.
  9741 | D:10     | Identified the +8 great sword "Onneca" {flame, rElec rCorr
                  | Int+2}
 10949 | D:12     | Found a staircase to the Orcish Mines.
 10979 | D:12     | Identified the +1 scale mail of Negligence {rN+ Dex+5
                  | Stlth-}
 11171 | D:12     | Noticed a cyan ugly thing
 11175 | D:12     | Killed a cyan ugly thing
 11260 | D:12     | Noticed a green ugly thing
 11267 | D:12     | Killed a green ugly thing
 11280 | D:12     | Noticed a deep elf pyromancer
 11292 | D:12     | Killed a deep elf pyromancer
 11398 | D:12     | Reached *** piety under Hepliaklqana
 11518 | D:12     | Noticed Fannar
 11530 | D:12     | Killed Fannar
 11816 | D:12     | Noticed Nessos
 11827 | D:12     | Killed Nessos
 11839 | D:12     | Slain by a titanic slime creature

Illustrated notes

Levels and vault maps discovered:
D:1:      erik_arrival_cave_to_civilisation [erik_arrival_cave_to_temple],
          layout_basic, dk_noncrumbling_2
D:2:      layout_basic, serial_bayou_crossing, uniq_robin, uniq_natasha
D:3:      layout_basic, minmay_joined_circles
D:4:      layout_loops_corners, nicolae_ossuary_entry_catacombs
D:5:      layout_rooms, nicolae_gozag_seed_capital, xom_confusion_cloud,
          nicolae_ru_sacrificial_ziggurat
D:6:      layout_loops_ring, mainiacjoe_overflow_24_doors,
          minmay_temple_entry_enclosed_plants, lemuel_flame_loot_1, uniq_edmund,
          uniq_pikel
D:7:      layout_rooms, nicolae_kikubaaqudgha_miasma_corner, dk_noncrumbling_4
D:8:      layout_cave_pools, david_lair_shrubbed, serial_shops,
          nicolae_stop_n_shop_1, nicolae_shop_tiny_statue_garden, uniq_psyche,
          uniq_gastronok
D:9:      layout_roguey, serial_shops, shop_fountains,
          ebering_ghost_inner_flame, uniq_maurice
D:10:     layout_loops_ring, gammafunk_ghost_berserking_beasts, uniq_erolcha
D:11:     layout_cave_pods, chequers_serial_rivers_room_b
D:12:     layout_basic, david_orc_1_choice, enter_trove_3,
          ebering_ghost_rock_garden, uniq_nessos, uniq_fannar
Temple:   bh_familiar_temple

Skill      XL: |  1  2  3  4  5  6  7  8  9 10 11 |
---------------+----------------------------------+-----
Armour         | 4 5 6 7 9 |  9.9
Shields        | 4 5 6 7 9 |  9.9
Fighting       | 4 5 6 8 10 13 14 | 14.2
Axes           | 3 4 5 6 7 12 15 16 | 16.8

Action                     |  1- 3 |  4- 6 |  7- 9 | 10-12 || total
---------------------------+-------+-------+-------+-------++-------
  Melee: War axe           |    39 |   152 |   266 |       ||   457
         Headbutt          |     8 |    27 |    78 |    71 ||   184
         Broad axe         |       |       |   112 |   242 ||   354
 Invoke: Ancestor Life: Ba |       |       |       |     1 ||     1
    Use: Potion            |       |     1 |     1 |     9 ||    11
         Scroll            |       |     5 |     7 |    12 ||    24
   Stab: Distracted        |       |       |       |     4 ||     4
 Armour: Scale mail        |    12 |    44 |       |       ||    56
         Plate armour      |       |    36 |   191 |   104 ||   331
  Dodge: Dodged            |    17 |    52 |    87 |    51 ||   207
  Block: Buckler           |     7 |    17 |       |       ||    24
         Kite shield       |       |    34 |   157 |   108 ||   299

Table legend: (Time is in decaauts)
 A = Elapsed time spent in this place.
 B = Non-inter-level travel time spent in this place.
 C = Inter-level travel time spent in this place.
 D = Time resting spent in this place.
 E = Time spent auto-exploring this place.
 F = Levels seen in this place.
 G = Mean time per level.
                   A        B        C        D        E       F      G
               +--------+--------+--------+--------+--------+-----+--------+
         Total |  11970 |  11565 |    405 |   1712 |   7206 |  14 |  855.0 |
       Dungeon |  11415 |  11036 |    379 |   1684 |   7007 |  12 |  951.2 |
        Temple |    331 |    305 |     26 |      0 |    158 |   1 |  331.0 |
       Ossuary |    222 |    222 |      0 |     28 |     41 |   1 |  222.0 |
               +--------+--------+--------+--------+--------+-----+--------+

Top non-repeatable levels by time:
     D:9: 1585 daAuts
     D:4: 1254 daAuts
     D:6: 1172 daAuts
     D:2: 1119 daAuts
    D:10: 1115 daAuts
     D:3: 978 daAuts
    D:12: 910 daAuts
     D:1: 850 daAuts
    D:11: 829 daAuts
     D:7: 780 daAuts
     D:5: 743 daAuts
  Temple: 331 daAuts
 Ossuary: 222 daAuts
     D:8: 75 daAuts
